[Event "Israel Open Championship 2023"]
[Site "Acre"]
[Date "2024.01.28"]
[Round "8.25"]
[White "Pelech, Roee"]
[Black "Sagalovich, Yakov"]
[Result "1-0"]
[ECO "C02"]
[WhiteElo "2178"]
[BlackElo "1636"]
[Annotator "TA"]
[PlyCount "101"]
[EventDate "2024.01.18"]
[EventType "swiss"]
[EventCountry "ISR"]
[SourceTitle "playchess.com"]
[Source "ChessBase"]
[SourceQuality "1"]
[TimeControl "5400+30"]

1. e4 c6 2. Nf3 d5 3. e5 Bf5 4. Nh4 Bd7 5. d4 e6 6. Nf3 c5 7. c3 Nc6 8. Bd3 Qb6 9. O-O (9. dxc5 $1 $14 Bxc5 10. O-O) 9... cxd4 $11 10. Re1 Nge7 11. Na3 dxc3 {[%emt 0:02:28] Black is slightly better.} 12. bxc3 Ng6 (12... a6 $15) 13. Rb1 Qc7 (13... Qa5 $11 {keeps the balance.} 14. Nb5 Be7) 14. Nb5 $16 Qb8 (14... Qc8 $14) 15. c4 {[%emt 0:00:00] Threatens to win with cxd5.} a6 16. Nc3 (16. Nd6+ $1 $14 Bxd6 17. exd6 dxc4 18. Bxc4) 16... dxc4 $11 17. Bxc4 Ncxe5 $2 (17... Bb4 $11 {and Black stays safe.} 18. Rxb4 Nxb4) 18. Nxe5 $18 Nxe5 19. Bf4 Bd6 20. Ne4 Bc7 {[%emt 0:10:03] [#]} 21. Nc5 $1 {[%emt 0:00:00] White is much more active.} Bc6 (21... Bc8 $16) 22. Bxe5 Bxe5 23. Qh5 Bxh2+ 24. Qxh2 Qxh2+ 25. Kxh2 O-O-O (25... Ra7 $142 26. Nxa6 O-O) 26. Rb2 Kc7 27. Rc1 Rd6 {[%emt 0:00:16] [#]} 28. Nxb7 Bxb7 $16 29. Bxa6+ Bc6 30. Rb7+ Kc8 31. Rxf7+ Kb8 32. Rb1+ (32. Rxg7 $6 Bxg2 33. Rb1+ Ka8 $14) 32... Ka8 33. Rb6 (33. Rxg7 $6 Bxg2 34. Be2 Bd5 $11) 33... Rb8 $2 {[%emt 0:04:44][%mdl 8192] [#] This costs Black the game.} (33... Rd7 $16) 34. Bb7+ $1 $18 Rxb7 35. Rfxb7 {[%emt 0:00:02][%mdl 4096] Endgame. KRR-KRB} Rd2 36. Rb2 (36. Rxc6 Kxb7 37. Rxe6 Rxa2 $11) 36... Rxf2 (36... g6 $142 37. Rb8+ (37. Rxh7 $2 {perishes.} Rxb2 38. Rf7 Be4 $19) 37... Ka7 38. Rxd2 Kxb8 39. Rd8+ Kc7) 37. Rb8+ (37. Rxg7 $2 {too greedy.} Rxb2 38. Rxh7 Rxg2+ (38... Bxg2 $2 39. Kg3 $19) (38... Rxa2 $2 39. Rg7 $19) 39. Kh3 Rxa2 $19) 37... Ka7 38. Rxf2 {[%emt 0:00:03] Rfb2 would kill now.} Kxb8 {[%emt 0:00:08] KR-KB} 39. Rf7 Bd5 40. a4 Bc6 41. a5 Be4 42. Rxg7 {[%emt 0:00:09] White mates.} Bg6 43. Re7 Bf5 44. Kg3 h5 45. Kh4 Bg4 46. g3 Ka8 47. Kg5 Kb8 48. Kf4 Ka8 49. Ke5 Kb8 50. Kd6 Ka8 51. Kc5 {[%emt 0:00:09] Weighted Error Value: White=0.26 (precise) /Black=0.57.  Loses game:     	---       	Black=2      Missed win:     	White=1     	---        Mistake:       	White=1     	Black=6      OK:         	White=7     	Black=8      Best:        	White=4     	Black=3      Strong:       	White=1     	---        Brilliant:      	White=1     	---} 1-0

[Event "Israel Open Championship 2023"]
[Site "Acre"]
[Date "2024.01.28"]
[Round "8.26"]
[White "Kochavi, Dana"]
[Black "Moshenberg, David"]
[Result "1-0"]
[ECO "B31"]
[WhiteElo "2121"]
[BlackElo "1847"]
[Annotator "RC"]
[PlyCount "49"]
[EventDate "2024.01.18"]
[EventType "swiss"]
[EventCountry "ISR"]
[SourceTitle "playchess.com"]
[Source "ChessBase"]
[SourceQuality "1"]
[TimeControl "5400+30"]

1. e4 c5 2. Nf3 Nc6 3. Bb5 g6 4. O-O Bg7 5. c3 Qb6 6. Ba4 Nf6 7. Re1 O-O 8. h3 d6 9. d4 cxd4 10. cxd4 Nd7 11. Nc3 e6 12. Nb5 Ne7 13. Bg5 f6 14. Bf4 e5 15. dxe5 dxe5 16. Be3 Nc5 17. Qc2 Nxa4 18. Bxb6 Nxb6 19. Qb3+ Kh8 20. Nd6 h6 21. a4 Rb8 22. a5 Nd7 23. Rac1 Nc6 24. a6 bxa6 25. Qa4 1-0

[Event "Israel Open Championship 2023"]
[Site "Acre"]
[Date "2024.01.28"]
[Round "8.27"]
[White "Pashanov, Stanislav"]
[Black "Katz, Kiril"]
[Result "0-1"]
[ECO "D24"]
[WhiteElo "1993"]
[BlackElo "2031"]
[Annotator "RC"]
[PlyCount "90"]
[EventDate "2024.01.18"]
[EventType "swiss"]
[EventCountry "ISR"]
[SourceTitle "playchess.com"]
[Source "ChessBase"]
[SourceQuality "1"]
[TimeControl "5400+30"]

1. d4 Nf6 2. c4 e6 3. Nf3 d5 4. Nc3 dxc4 5. a4 a6 6. Bg5 Nc6 7. e3 Na5 8. Nd2 Bb4 9. Nxc4 Qd5 10. Bxf6 Nxc4 11. Bxg7 Rg8 12. Bf6 Rg6 13. Bh4 Nxb2 14. Qd2 Qa5 15. Rc1 Nxa4 16. Bd3 Bxc3 17. Rxc3 Qxc3 18. Bxg6 fxg6 19. Qxc3 Nxc3 20. Kd2 Ne4+ 21. Kd3 Nd6 22. e4 b5 23. f4 Bb7 24. d5 exd5 25. e5 Nf5 26. Bf2 h5 27. Rc1 c6 28. g3 a5 29. h3 b4 30. g4 Ba6+ 31. Kd2 Ne7 32. Bc5 Bc4 33. Ra1 Rb8 34. Kc2 Rb5 35. Bd6 c5 36. gxh5 gxh5 37. Rg1 d4 38. Bxe7 Kxe7 39. f5 b3+ 40. Kb2 a4 41. Rg7+ Bf7 42. e6 a3+ 43. Kb1 a2+ 44. Kb2 c4 45. Rxf7+ Ke8 0-1

[Event "Israel Open Championship 2023"]
[Site "Acre"]
[Date "2024.01.28"]
[Round "8.28"]
[White "Rinberg, David"]
[Black "Levitan, Ronit"]
[Result "1/2-1/2"]
[ECO "C95"]
[WhiteElo "1790"]
[BlackElo "2101"]
[Annotator "RC"]
[PlyCount "85"]
[EventDate "2024.01.18"]
[EventType "swiss"]
[EventCountry "ISR"]
[SourceTitle "playchess.com"]
[Source "ChessBase"]
[SourceQuality "1"]
[TimeControl "5400+30"]

1. e4 e5 2. Nf3 Nc6 3. Bb5 a6 4. Ba4 Nf6 5. O-O Be7 6. Re1 b5 7. Bb3 d6 8. c3 O-O 9. h3 Nb8 10. d4 Nbd7 11. Nbd2 c5 12. Nf1 Re8 13. Ng3 Bf8 14. a4 Rb8 15. axb5 axb5 16. Bc2 Bb7 17. d5 g6 18. Bg5 Qc7 19. b3 Ra8 20. Qd2 Bg7 21. Nh4 Ra5 22. c4 Rea8 23. Rxa5 Rxa5 24. Nhf5 gxf5 25. Nxf5 Kf8 26. Nxd6 Ra2 27. Nxb5 Qa5 28. Nc3 Ra1 29. Bb1 Ne8 30. Na2 Qxd2 31. Bxd2 Nd6 32. Bc3 Rxb1 33. Rxb1 Nxe4 34. Be1 Nd6 35. Nc3 Ke7 36. f3 Nf5 37. Na4 Ba6 38. Bf2 Nd4 39. Nc3 f5 40. Ra1 Nb8 41. Rb1 Nd7 42. Ra1 Nb8 43. Rb1 1/2-1/2

[Event "Israel Open Championship 2023"]
[Site "Acre"]
[Date "2024.01.28"]
[Round "8.29"]
[White "Sason, Noam"]
[Black "Streltsov, Alexey"]
[Result "0-1"]
[ECO "B47"]
[WhiteElo "1643"]
[BlackElo "2341"]
[Annotator "TA"]
[PlyCount "78"]
[EventDate "2024.01.18"]
[EventType "swiss"]
[EventCountry "ISR"]
[SourceTitle "playchess.com"]
[Source "ChessBase"]
[SourceQuality "1"]
[TimeControl "5400+30"]

1. e4 c5 2. Nf3 e6 3. d4 cxd4 4. Nxd4 Nc6 5. Nc3 Qc7 6. Be2 Nf6 7. O-O a6 8. Kh1 Nxd4 9. Qxd4 Bc5 10. Qd3 b5 11. Bg5 Bb7 12. Rad1 Bc6 13. a3 (13. f4 {feels hotter.} h5 14. e5 Ng4 15. Ne4) 13... h5 {[%emt 0:11:51][%cal Bh7h5,Bh5h4,Bh4h3][%mdl 32] White has an edge.} 14. b4 $2 (14. Bh4 $11) 14... Be7 (14... Ng4 $1 $17 15. Bxg4 hxg4) 15. f4 $11 h4 16. Bf3 h3 17. g3 d6 18. Rfe1 O-O 19. Ne2 (19. Qf1 $1 $14) 19... d5 $1 $15 20. exd5 Bxd5 21. Nd4 (21. Ng1 $15) 21... Rfd8 $17 22. Qf1 (22. Bxd5 $142 Nxd5 (22... Rxd5 23. Qf3 $17) 23. Qf3) 22... Qc3 23. Bxd5 Rxd5 (23... Nxd5 $6 24. Rd3 Qc4 25. Qxh3 $15) 24. Rd3 Qc4 25. c3 {[%emt 0:01:35] [#]} (25. Red1) 25... Ng4 $1 $19 26. Kg1 (26. Rf3 Qxf1+) 26... Bxg5 (26... e5 $142 27. Bxe7 exd4) 27. fxg5 e5 $40 {[%emt 0:02:31][%mdl 128] Black wants a kill.} (27... Rxg5 $2 28. Red1 $19) 28. Re4 exd4 29. Rxg4 Rad8 $2 (29... Re8 $19 30. Rf4 Rde5 (30... Rxg5 31. cxd4 Qa2 32. Rd1 $17) 31. Rdxd4 Qxc3) 30. Rh4 {[%emt 0:00:33] [#] Dodges Rf5} (30. cxd4 $1 $11 {remains equal.} g6 31. Rd2) 30... dxc3 $1 $17 31. Rxc4 {[%emt 0:03:35] White threatens Rxd5 and mate.} ({Don't go for} 31. Qxh3 $2 Qxh4 (31... Qxd3 32. Rh8#) 32. Qxh4 Rxd3 $19) 31... Rxd3 32. Qxh3 $2 {[%emt 0:00:35][%mdl 8192] White does not recover from this.} bxc4 {[%emt 0:00:25] KQ-KRR} 33. g6 fxg6 34. Qe6+ Kf8 {[%emt 0:00:08] ( -> ...c2)} 35. Qxc4 {[%emt 0:00:46] [#]} c2 $1 {[%emt 0:00:22][%mdl 512] Black mates.} 36. Kg2 (36. Kf2 Rd2+) 36... Rd1 ({Weaker is} 36... Rxa3 37. Qc5+ Ke8 38. Qxc2 $11) 37. Qf4+ Kg8 38. Qc4+ R8d5 39. Qc8+ Kh7 {[%emt 0:00:03] Weighted Error Value: White=0.62/Black=0.23 (precise) .  Loses game:     	White=1     	---        Missed win:     	---       	Black=1      Mistake:       	White=6     	Black=2      Inaccurate:     	White=1     	Black=2      OK:         	White=6     	Black=6      Best:        	White=1     	Black=4      Strong:       	---       	Black=2} 0-1

[Event "Israel Open Championship 2023"]
[Site "Acre"]
[Date "2024.01.28"]
[Round "8.30"]
[White "Selictar, Ori"]
[Black "Kraus, Ohad"]
[Result "0-1"]
[ECO "E54"]
[WhiteElo "1435"]
[BlackElo "2325"]
[Annotator "RC"]
[PlyCount "148"]
[EventDate "2024.01.18"]
[EventType "swiss"]
[EventCountry "ISR"]
[SourceTitle "playchess.com"]
[Source "ChessBase"]
[SourceQuality "1"]
[TimeControl "5400+30"]

1. d4 Nf6 2. c4 e6 3. Nc3 Bb4 4. e3 c5 5. Bd3 d5 6. Nf3 O-O 7. O-O cxd4 8. exd4 dxc4 9. Bxc4 Nbd7 10. Bg5 h6 11. Bh4 Nb6 12. Bb3 Be7 13. Qd3 Nbd5 14. Rac1 Nb4 15. Qd2 Bd7 16. Rfd1 Bc6 17. Ne5 Rc8 18. h3 Nbd5 19. Bg3 Nxc3 20. bxc3 Be4 21. Bc2 Qa5 22. f3 Bxc2 23. Rxc2 Rfd8 24. c4 Qa4 25. Kh1 Rxd4 26. Qxd4 Qxc2 27. Rd2 Qc1+ 28. Rd1 Qa3 29. Qf2 Qa4 30. Rd3 b6 31. Bh2 Qe8 32. Qd2 Ra8 33. Qd1 b5 34. cxb5 Qxb5 35. Rb3 Qa6 36. Qb1 Bd6 37. Ng4 Nd5 38. Nf2 Bxh2 39. Kxh2 Qd6+ 40. Kh1 Rc8 41. Ne4 Qf4 42. Nc5 g6 43. Nd3 Qd6 44. Qb2 Nb6 45. Qe5 Qxe5 46. Nxe5 Kg7 47. Kh2 g5 48. Kg3 Rc7 49. h4 Nd5 50. hxg5 hxg5 51. Ra3 f5 52. Nd3 Kf6 53. Rb3 f4+ 54. Kh2 Ne3 55. Rb2 Nf1+ 56. Kg1 Ng3 57. Kf2 Rd7 58. Rd2 e5 59. Ke1 e4 60. fxe4 Nxe4 61. Rd1 Rh7 62. Rc1 Rh1+ 63. Ke2 Rxc1 64. Nxc1 Kf5 65. a3 Kg4 66. Nd3 Kg3 67. Kf1 g4 68. Ne5 Nc3 69. Nc6 Nd5 70. Nd4 Ne3+ 71. Kg1 f3 72. gxf3 gxf3 73. Nxf3 Kxf3 74. a4 a5 0-1

[Event "Israel Open Championship 2023"]
[Site "Acre"]
[Date "2024.01.29"]
[Round "9.2"]
[White "Rozen, Eytan"]
[Black "Postny, Evgeny"]
[Result "1/2-1/2"]
[ECO "C58"]
[WhiteElo "2462"]
[BlackElo "2597"]
[Annotator "TA"]
[PlyCount "36"]
[EventDate "2024.01.18"]
[EventType "swiss"]
[EventCountry "ISR"]
[SourceTitle "playchess.com"]
[Source "ChessBase"]
[SourceQuality "1"]
[TimeControl "5400+30"]

1. e4 e5 2. Nf3 Nc6 3. Bc4 Nf6 4. Ng5 d5 5. exd5 Na5 6. Bb5+ c6 7. dxc6 bxc6 8. Bd3 Nd5 9. h4 (9. Nxh7 $2 Nf4 10. Be4 Rxh7 $19) 9... Qc7 10. Nc3 (10. Nxh7 Be7 11. Qh5 g6 $15 (11... Nf4 12. Nf6+ Bxf6 13. Qxh8+ $16)) 10... h6 11. Nxd5 (11. Nf3 {simplifies} Bd6 12. Ne4 O-O 13. Nxd6 Qxd6 14. O-O) 11... cxd5 {[%emt 0:00:08] The position is equal.} 12. Qh5 Bc5 $1 13. b4 Bxb4 {[%emt 0:00:43] Hoping for ...0-0.} 14. Nxf7 O-O (14... Qxf7 $2 15. Bg6 (15. Qxe5+ $2 Qe6 $19) 15... O-O 16. Bxf7+ $18) 15. Nxe5 {[%emt 0:00:06] [#] 0-0 would now be deadly.} Rf5 $1 16. Qe8+ ({But not} 16. Bxf5 Qxe5+ 17. Qe2 Qxf5 $19 (17... Qxa1 $2 18. Qe8+ Bf8 19. O-O $18)) 16... Rf8 17. Qh5 {[%emt 0:00:03] 0-0 is the strong threat.} Rf5 $1 18. Qe8+ ({Don't play} 18. Bxf5 Qxe5+ 19. Qe2 Qxf5 $19 (19... Qxa1 $2 {perishes.} 20. Qe8+ Bf8 21. O-O $18)) 18... Rf8 {[%emt 0:00:06] A rather calm draw.   Weighted Error Value: White=0.05 (flawless) /Black=0.01 (flawless) .  OK:         	White=6     	Black=3      Best:        	---       	Black=2      Strong:       	---       	Black=3} 1/2-1/2

[Event "Israel Open Championship 2023"]
[Site "Acre"]
[Date "2024.01.29"]
[Round "9.3"]
[White "Alekseev, Evgeny"]
[Black "Efroimski, Marsel"]
[Result "1/2-1/2"]
[ECO "A13"]
[WhiteElo "2563"]
[BlackElo "2434"]
[Annotator "TA"]
[PlyCount "106"]
[EventDate "2024.01.18"]
[EventType "swiss"]
[EventCountry "ISR"]
[SourceTitle "playchess.com"]
[Source "ChessBase"]
[SourceQuality "1"]
[TimeControl "5400+30"]

1. c4 e6 2. Nf3 d5 3. e3 Nf6 4. Nc3 Be7 5. b3 O-O 6. Bb2 b6 7. cxd5 exd5 8. d4 Ne4 9. Bd3 Nxc3 10. Bxc3 a5 11. Qc2 h6 12. O-O Ba6 13. Ne5 Bxd3 14. Qxd3 Bd6 15. Rac1 Nd7 16. Qf5 Nf6 17. f3 Qc8 18. Qxc8 Rfxc8 19. Nc6 Re8 20. Bd2 Nd7 21. Kf2 f6 22. Rc2 Nb8 23. h3 Nxc6 24. Rxc6 Re6 {[%emt 0:04:16][%cal Od6g3] [#] ...Bg3+! is the strong threat.} 25. Ke2 h5 26. g4 Kf7 27. Kd3 hxg4 28. hxg4 Rh8 {[%emt 0:00:44] Against Rh1} 29. Rcc1 Rh3 30. a3 Ke8 31. b4 {[%emt 0:00:12] The position is equal.} axb4 32. Bxb4 Kd7 33. Rc3 Bxb4 34. axb4 $11 {[%emt 0:00:01][%mdl 4096] Endgame. KRR-KRR} Rc6 35. b5 Rxc3+ 36. Kxc3 {[%emt 0:00:01] KR-KR} Rh2 37. g5 Re2 38. Kd3 Rb2 39. Rh1 Rb3+ ({Much weaker is} 39... Rxb5 $6 40. Rh7 $16) 40. Kd2 Rxb5 41. Rh7 fxg5 (41... Rb2+ 42. Kc3 Rg2 43. gxf6 $16) 42. Rxg7+ Kd6 43. Rg6+ Kd7 44. Rxg5 c6 45. e4 Rb3 46. Rg7+ Ke6 47. Rg6+ Kd7 48. Rg7+ Ke6 49. Ke2 dxe4 50. fxe4 b5 51. Kd2 Rf3 52. Rb7 Rh3 53. d5+ Ke5 {[%emt 0:00:00] Weighted Error Value: White=0.02 (flawless) /Black=0.02 (flawless) .  Inaccurate:     	White=1     	Black=1      OK:         	White=21    	Black=23     Best:        	---       	Black=2} 1/2-1/2

[Event "Israel Open Championship 2023"]
[Site "Acre"]
[Date "2024.01.29"]
[Round "9.4"]
[White "Bronstein, Or"]
[Black "Gorshtein, Ido"]
[Result "0-1"]
[ECO "E41"]
[WhiteElo "2441"]
[BlackElo "2523"]
[Annotator "RC"]
[PlyCount "222"]
[EventDate "2024.01.18"]
[EventType "swiss"]
[EventCountry "ISR"]
[SourceTitle "playchess.com"]
[Source "ChessBase"]
[SourceQuality "1"]
[TimeControl "5400+30"]

1. d4 Nf6 2. c4 e6 3. Nc3 Bb4 4. e3 Bxc3+ 5. bxc3 d6 6. Bd3 c5 7. Ne2 Nc6 8. e4 e5 9. d5 Ne7 10. f3 h5 11. h4 Kd7 12. Ng3 Kc7 13. Qc2 Bd7 14. a4 a5 15. Bg5 Ne8 16. Rb1 b6 17. Rb2 Rb8 18. Nf5 f6 19. Bc1 Kb7 20. Ra2 Ka7 21. Qf2 Rb7 22. Rg1 Bc8 23. Ne3 g5 24. g3 Ng6 25. Nf5 Ne7 26. Ne3 Ng6 27. Nf5 Ne7 28. Ne3 Rf8 29. Qh2 gxh4 30. Qxh4 Ng7 31. Ng2 Ng6 32. Qh2 f5 33. Bh6 Qf6 34. Rf2 Rh8 35. Bd2 h4 36. Ne3 hxg3 37. Qxg3 Nf4 38. Bf1 Ngh5 39. Qg5 fxe4 40. Rh2 Qf8 41. Qh4 exf3 42. Qf2 Rbh7 43. Rgh1 Qf7 44. Kd1 Bd7 45. Kc1 Bxa4 46. Kb2 Nf6 47. Rxh7 Rxh7 48. Qxf3 Rxh1 49. Qxh1 Qg6 50. Qh4 Kb7 51. Ka2 Kc7 52. Qh8 Be8 53. Kb2 a4 54. Qf8 Qf7 55. Qh6 Bd7 56. Qh8 Kb7 57. Be1 Ng4 58. Nc2 Ng6 59. Qd8 Nf6 60. Bd3 e4 61. Be2 Nf4 62. Bh4 Nxe2 63. Bxf6 Qe8 64. Qxe8 Bxe8 65. Bd8 Bd7 66. Ne3 Kc8 67. Bh4 Kc7 68. Kc2 Nf4 69. Bg3 Nh5 70. Bh2 Nf6 71. Bf4 Ng4 72. Nf1 Nf6 73. Ng3 Bg4 74. Bg5 Nh5 75. Nf1 Bh3 76. Nd2 Bg2 77. Nb1 Ng3 78. Kd2 Bf1 79. Na3 Nf5 80. Ke1 Bd3 81. Kd2 Kd7 82. Bf4 Ke7 83. Bg5+ Kf7 84. Bd8 Kf8 85. Bg5 Ke8 86. Bf6 Nh6 87. Bg5 Nf7 88. Bf6 Nd8 89. Bg5 Nb7 90. Ke3 Kd7 91. Kf4 Na5 92. Ke3 Nxc4+ 93. Nxc4 Bxc4 94. Kxe4 a3 95. Bc1 a2 96. Bb2 b5 97. Ba1 Kc7 98. Bb2 Kb6 99. Ke3 Ka5 100. Kd2 Ka4 101. Kc2 Bb3+ 102. Kd2 Bxd5 103. Kc2 Be4+ 104. Kd2 Kb3 105. Ba1 d5 106. Kd1 d4 107. cxd4 c4 108. Kd2 b4 109. d5 Bxd5 110. Kd1 c3 111. Kc1 Kc4 0-1

[Event "Israel Open Championship 2023"]
[Site "Acre"]
[Date "2024.01.29"]
[Round "9.5"]
[White "Mikhalevski, Victor"]
[Black "Baron, Tal"]
[Result "1/2-1/2"]
[ECO "A56"]
[WhiteElo "2524"]
[BlackElo "2490"]
[Annotator "TA"]
[PlyCount "60"]
[EventDate "2024.01.18"]
[EventType "swiss"]
[EventCountry "ISR"]
[SourceTitle "playchess.com"]
[Source "ChessBase"]
[SourceQuality "1"]
[TimeControl "5400+30"]

1. c4 c5 2. Nc3 g6 3. e3 Nf6 4. d4 Bg7 5. d5 d6 6. h3 O-O 7. Nf3 e5 8. Qc2 {[%emt 0:05:15] White is slightly better.} Na6 9. a3 h5 (9... e4 $14 10. Nd2 Nc7) 10. e4 $16 Nh7 11. g3 {[%emt 0:00:24] White is more active.} Bd7 12. Nb5 (12. Rb1 $16) 12... Nc7 $1 $11 13. Nxc7 (13. Nxd6 Qf6 14. Nxe5 Qxd6 (14... Qxe5 15. Nxb7 Qe7 16. d6 $17) 15. Nxd7 Qxd7 $17) 13... Qxc7 14. Bd3 a6 15. Kf1 b5 16. Kg2 bxc4 17. Bxc4 f5 18. Nh4 Rf6 (18... Rf7 {feels hotter.} 19. Nxg6 fxe4 20. Be3 Rb8) 19. f4 {[%emt 0:03:11] [#] Strongly threatening fxe5.} Re8 20. exf5 (20. Bxa6 $2 fxe4 21. Be3 exf4 22. gxf4 Rf7 $19) 20... Bxf5 21. Nxf5 Rxf5 22. Bd3 Qf7 {[%emt 0:01:06][%cal Re5f4] aiming for ...exf4!} 23. Bxf5 (23. Bxa6 exf4 (23... Qxd5+ 24. Kh2 $14) 24. Bxf4 g5 (24... Rxd5 $2 25. Bc4 $18) (24... Qxd5+ 25. Kh2 $11) 25. Bxd6 Qxd5+ (25... Rxd5 $2 26. Bc4 $18) 26. Kh2 Qxd6 $19) 23... gxf5 24. Rd1 e4 25. Be3 Nf6 26. Qc4 {[%emt 0:00:10] [#]} (26. Qd2 $11) 26... h4 $1 $17 27. gxh4 (27. Qxa6 $2 Qg6 28. g4 Nxg4 $19) 27... Qh5 28. Qf1 {[%emt 0:06:04] Wards off Qf3+} Qf7 ({Black should try} 28... Qxh4 $17 {White must now prevent ...Kf7.} 29. b4 (29. Qxa6 $2 Nh5 $19) (29. Qf2 Qh6 $17) 29... Kf7 (29... Nh5 30. Qf2 $11) 30. bxc5 (30. Qxa6 $2 Nh5 $19) 30... Rh8) 29. Qc4 $15 Qh5 (29... Kh7 $15) 30. Qf1 $17 Qf7 {[%emt 0:00:04] Weighted Error Value: White=0.18 (very precise) /Black=0.18 (very precise) .  Mistake:       	White=2     	Black=4      Inaccurate:     	White=2     	Black=3      OK:         	White=10    	Black=8      Best:        	White=1     	Black=1      Strong:       	---       	Black=1      Brilliant:      	---       	Black=1} (30... Qxh4 $17 31. b4 (31. Qxa6 $2 {is the wrong capture.} Nh5 $19) (31. Qf2 Qh6 $17) 31... Kf7 (31... Nh5 32. Qf2 $11)) 1/2-1/2

[Event "Israel Open Championship 2023"]
[Site "Acre"]
[Date "2024.01.29"]
[Round "9.6"]
[White "Ben Ari, Yannay"]
[Black "Parkhov, Yair"]
[Result "1/2-1/2"]
[ECO "D35"]
[WhiteElo "2417"]
[BlackElo "2495"]
[Annotator "RC"]
[PlyCount "122"]
[EventDate "2024.01.18"]
[EventType "swiss"]
[EventCountry "ISR"]
[SourceTitle "playchess.com"]
[Source "ChessBase"]
[SourceQuality "1"]
[TimeControl "5400+30"]

1. c4 e6 2. Nc3 d5 3. d4 Nf6 4. cxd5 exd5 5. Bg5 c6 6. e3 h6 7. Bh4 Be7 8. Bd3 O-O 9. Nge2 a5 10. O-O Na6 11. Rc1 Nc7 12. f3 Ne6 13. Kh1 Ng5 14. Qc2 Re8 15. Bf2 c5 16. b3 b6 17. a4 Bb7 18. Qb2 Ne6 19. Nb5 Rc8 20. dxc5 bxc5 21. Rfd1 Qb6 22. Ng3 g6 23. Bf1 Nh7 24. Qb1 h5 25. Ne2 Red8 26. Rd2 Bg5 27. f4 Bh6 28. Rcd1 Nf6 29. Nec3 Ng4 30. f5 Nf8 31. fxg6 Qxg6 32. Bd3 Qg7 33. Bg1 d4 34. Be4 Ba6 35. Nd5 Bxb5 36. Ne7+ Kh8 37. Nf5 Qe5 38. Nxh6 Nxh6 39. exd4 cxd4 40. Rxd4 Bd7 41. Rd5 Qg7 42. Bd4 f6 43. Qa1 Rc6 44. Rxd7 Rxd7 45. Bxc6 Rd6 46. Bf3 h4 47. Bf2 Rxd1+ 48. Qxd1 h3 49. g3 Nd7 50. Bd4 Qg5 51. Kg1 Ne5 52. Be2 Nhf7 53. Qf1 Kg7 54. Qf4 Qg6 55. Bf1 Qb1 56. Qe3 Qf5 57. Be2 Qb1+ 58. Bf1 Qf5 59. Be2 Qb1+ 60. Bf1 Qd1 61. Bc3 Ng5 1/2-1/2

[Event "Israel Open Championship 2023"]
[Site "Acre"]
[Date "2024.01.29"]
[Round "9.7"]
[White "Kobo, Ori"]
[Black "Sherman, Raem"]
[Result "1-0"]
[ECO "E06"]
[WhiteElo "2541"]
[BlackElo "2295"]
[Annotator "TA"]
[PlyCount "105"]
[EventDate "2024.01.18"]
[EventType "swiss"]
[EventCountry "ISR"]
[SourceTitle "playchess.com"]
[Source "ChessBase"]
[SourceQuality "1"]
[TimeControl "5400+30"]

1. Nf3 d5 2. g3 Nf6 3. Bg2 e6 4. c4 Be7 5. d4 O-O 6. Nc3 dxc4 7. Ne5 Nc6 8. Bxc6 bxc6 9. Nxc6 Qe8 10. Nxe7+ Qxe7 11. Qa4 c5 12. dxc5 Qxc5 13. Be3 Qc7 14. f3 {[%emt 0:00:38] The position is equal.} Rd8 15. Kf2 Bd7 16. Qa3 Bc6 17. Rad1 Qe5 (17... Rdc8 $11 {keeps the balance.}) 18. Qc5 (18. Bxa7 Rxd1 19. Rxd1 Qc7 $17) 18... Qxc5 19. Bxc5 a6 20. e4 Nd7 21. Bd6 Nb6 22. Bc7 Rxd1 23. Rxd1 (23. Nxd1 Na4 $11) 23... Na4 24. Rd6 Nxc3 25. bxc3 $14 {[%emt 0:01:49][%mdl 4096] Endgame. KRB-KRB} (25. Rxc6 Nd1+ 26. Ke2 Nxb2 $16) 25... Bb5 26. g4 Kf8 27. Rb6 Ke7 {[%emt 0:09:54] White leaves nothing to chance now.} 28. Bb8 {[%emt 0:08:48] White is more active.} Kd8 29. g5 f6 30. gxf6 gxf6 31. Bg3 Ke7 (31... Bd7 $142 32. Ke3 a5) 32. Rb7+ $16 Bd7 (32... Kf8 $16 {was worth a try.} 33. Bh4 (33. Rxh7 Kg8 $18) 33... f5 34. exf5 (34. Rxh7 Kg8 $18) 34... exf5 35. Rxh7 Kg8) 33. Bh4 $18 Kd6 34. Bxf6 h5 35. Ke3 a5 36. h4 Kc6 37. Rb2 Rg8 38. Bg5 e5 39. Bf6 Rg3 (39... Re8 $142 40. Rg2 Re6) 40. Kf2 ({Don't play} 40. Bxe5 Rg1 41. Rd2 Be8 $18) 40... Rg8 41. Bxe5 Bh3 {[%emt 0:00:10] [#] And now ...Rg2+ would win.} 42. Ke3 Rg1 43. Bd4 Ra1 44. Rb6+ Kd7 45. Rb5 {[%emt 0:00:00] White is clearly winning.} Rxa2 46. Rxh5 Ra1 47. Rd5+ Ke8 48. h5 Bd7 49. h6 Rh1 {[%emt 0:00:00] Prevents Rh5} 50. Bg7 a4 51. Ra5 Kd8 52. f4 Kc7 53. Ra7+ {[%emt 0:00:00] Weighted Error Value: White=0.06 (flawless) /Black=0.24 (precise) .  Mistake:       	---       	Black=4      Inaccurate:     	White=1     	Black=4      OK:         	White=20    	Black=12     Best:        	White=2     	---} 1-0

[Event "Israel Open Championship 2023"]
[Site "Acre"]
[Date "2024.01.29"]
[Round "9.8"]
[White "Krayz, Alexander"]
[Black "Flom, Gabriel"]
[Result "1/2-1/2"]
[ECO "B31"]
[WhiteElo "2327"]
[BlackElo "2421"]
[Annotator "RC"]
[PlyCount "145"]
[EventDate "2024.01.18"]
[EventType "swiss"]
[EventCountry "ISR"]
[SourceTitle "playchess.com"]
[Source "ChessBase"]
[SourceQuality "1"]
[TimeControl "5400+30"]

1. e4 c5 2. Nf3 Nc6 3. Bb5 g6 4. O-O Bg7 5. c3 e5 6. d4 cxd4 7. cxd4 exd4 8. Bf4 a6 9. Bc4 d6 10. Qb3 Na5 11. Bxf7+ Ke7 12. Qd5 Nf6 13. Bxd6+ Qxd6 14. Qxd6+ Kxd6 15. e5+ Ke7 16. exf6+ Bxf6 17. Bd5 Rd8 18. Re1+ Kf8 19. Be4 Nc4 20. Nbd2 Nxd2 21. Nxd2 d3 22. Rad1 Bxb2 23. Nc4 d2 24. Rxd2 Rxd2 25. Nxd2 Bc3 26. Re2 Rb8 27. Bd5 Bg4 28. Bf3 Bxf3 29. Nxf3 b5 30. Ng5 h6 31. Ne4 Bd4 32. Kf1 Rc8 33. Rd2 Rc4 34. Ke2 Ke7 35. Kd3 Ke6 36. Rc2 Kd5 37. f3 Ra4 38. Nd2 Bb6 39. Ne4 Ra3+ 40. Ke2 Bd4 41. Nd2 Re3+ 42. Kf1 Bb6 43. Ne4 Bd4 44. Nd2 Ra3 45. Ke2 a5 46. Nb1 Re3+ 47. Kd2 b4 48. Rc8 Bb6 49. Rh8 Re6 50. Kd3 Re1 51. Nd2 Re3+ 52. Kc2 a4 53. Rb8 Rc3+ 54. Kd1 Rc6 55. Ra8 a3 56. Re8 Kd4 57. Re4+ Kc3 58. Nb1+ Kb2 59. Rxb4+ Kxa2 60. f4 Be3 61. Ke2 Bc1 62. Kd3 Bb2 63. Nd2 Rc3+ 64. Ke2 Rc1 65. Rb6 Rc2 66. Kd3 Rc3+ 67. Ke2 Bc1 68. Rxg6 Bxd2 69. Kxd2 Kb2 70. Rxh6 a2 71. Rb6+ Rb3 72. Ra6 Ra3 73. Rb6+ 1/2-1/2